 Dungeon Crawl Stone Soup version 0.30.1 (webtiles) character file.

Game seed: 16216244983927526114

162 DemonSlayer the Digger (level 5, -7/36 HPs)
             Began as a Demonspawn Earth Elementalist on July 7, 2023.
             Mangled by an iguana (9 damage)
             ... on level 5 of the Dungeon.
             The game lasted 00:04:49 (2112 turns).

DemonSlayer the Digger (DsEE)                       Turns: 2112, Time: 00:04:49

Health: -7/36      AC:  2    Str:  9    XL:     5   Next: 19%
Magic:  10/10      EV: 12    Int: 16    God:
Gold:   94         SH:  0    Dex: 15    Spells: 9/10 levels left

rFire   . . .        b - +0 dagger
rCold   . . .        (no shield)
rNeg    . . .        a - +0 robe
rPois   .            (no helmet)
rElec   .            (no cloak)
rCorr   .            (no gloves)
SInv    .            (no boots)
Will    .....        (no amulet)
Stlth   ++           (no ring)
HPRegen 0.26/turn    (no ring)
MPRegen 0.12/turn

%: no passive effects
@: brilliant, weak-willed
A: claws 1, demonic guardian 1, powered by pain 1
a: no special abilities


You were on level 5 of the Dungeon.
You visited 1 branch of the dungeon, and saw 5 of its levels.

You collected 94 gold pieces.

Inventory:

Hand Weapons
 b - a +0 dagger (weapon)
Armour
 a - a +0 robe (worn)
Scrolls
 e - a scroll of immolation
Potions
 c - a potion of ambrosia {unknown}
 f - a potion of brilliance
 i - a potion of might {unknown}
 j - a potion of resistance {unknown}


   Skills:
 + Level 0.4 Fighting
 + Level 0.5 Short Blades
 + Level 2.1 Dodging
 + Level 2.3 Stealth
 + Level 3.3 Spellcasting
 + Level 0.8 Transmutations
 + Level 4.0 Earth Magic


You had 9 spell levels left.
You knew the following spells:

 Your Spells              Type           Power      Damage    Failure   Level
a - Sandblast             Erth           46%        2d11      3%          1

Your spell library contained the following spells:

 Spells                   Type           Power      Damage    Failure   Level
 Passwall                 Tmut/Erth      12%        N/A       10%         2
 Stone Arrow              Conj/Erth      26%        3d8       24%         3
 Poisonous Vapours        Pois/Air       8%         N/A       26%         2
 Mephitic Cloud           Conj/Pois/Air  4%         N/A       47%         3
 Petrify                  Tmut/Erth      15%        N/A       54%         4
 Freezing Cloud           Conj/Ice/Air   2%         6-21      99%         5


Dungeon Overview and Level Annotations

Branches:
Dungeon (5/15)
 Temple: D:4-7

Altars:

Shops:
D:2 =:

Annotations:
D:2 Sigmund


Innate Abilities, Weirdness & Mutations

You have sharp fingernails.
A weak demonic guardian rushes to your aid.
You sometimes gain a little power by taking damage.


Message History

You can't see any susceptible monsters within range! (Use Z to cast anyway.)
There is a stone staircase leading down here.
You climb downwards.
You hear the sound of rushing water.
There is an entrance to a sewer on this level.
Hurry and find it before the portal rusts away!
The walls and floor vibrate strangely for a moment.
The ogre hits you with a +0 giant club!
There is a stone staircase leading up here.
As you read the scroll labelled WIYDILIKKI, it crumbles to dust.
Magic quickly surges around you.
It was a scroll of vulnerability.
The ogre barely misses you.
As you read the scroll labelled YKOTOSOTUS, it crumbles to dust.
It is a scroll of identify.
e - a scroll of immolation The iguana closely misses you.
As you read the scroll labelled WEKARPH DOESO, it crumbles to dust.
The scroll dissolves into smoke.
It was a scroll of fog.
The ogre hits you with a +0 giant club!!
Ouch! That really hurt!
* * * LOW HITPOINT WARNING * * *
A demonic guardian appears!
You focus on the pain.
You feel your power returning. The iguana closely misses you.
Your magical contamination has completely faded away.
You swap places.
Your quasit bites the iguana but does no damage.
Your quasit closely misses the iguana.
Your quasit misses the iguana. The ogre misses your quasit.
Your quasit barely misses the iguana.
Your quasit claws the iguana but does no damage. x2
As you read the scroll labelled JIKAOJOXU, it crumbles to dust.
You feel aware of your surroundings.
You sensed 1 shop/portal.
It was a scroll of magic mapping.
Your quasit bites the iguana but does no damage.
Your quasit claws the iguana but does no damage. x2
Something barely misses your quasit. The iguana closely misses you.
It was a potion of brilliance.
You feel clever all of a sudden.
Your quasit bites the iguana.
Your quasit barely misses the iguana.
Your quasit claws the iguana.
The iguana bites you!
You die...

**,,,,,,,,..........##**,,,*
**,,,,,.............##**,,**
**,,,,..............##**,,**
*,,,,...............# **,,**
**,,,...............# **,,**
*,,,..............#* **,,,
*,,,.....§§§§§O...## **,,
*,,,......§§§5§....#* **,
**,,,.......@l§§§....#* *,,
*,,,,........§§§......*****,,
****,,,,......$..........,,,,,,,
*,,,,,,*.................,,,,,**
****,,,,#.........###....,,,,**
**,,,.........## *#...,,,**
*,,,#######...* **...,,,* *,,**
##..***,,,,,,,* * *,,*
*,,,,,,,,,,,,****


You could see an iguana (weak-willed, ally target) and a friendly quasit
(summoned).

Vanquished Creatures
  A jelly (D:4)
  An iguana (D:5)
  A gnoll (D:4)
  3 adders
  2 dart slugs (D:1)
  An orc (D:2)
  2 endoplasms
  2 giant cockroaches
  7 goblins
  4 hobgoblins
  A quokka (D:1)
  5 ball pythons
  2 bats
  3 frilled lizards
  2 kobolds
  4 rats (D:1)
41 creatures vanquished.

Vanquished Creatures (collateral kills)
  A gnoll bouda (D:4)
1 creature vanquished.

Grand Total: 42 creatures vanquished

Notes
Turn   | Place    | Note
-------+----------+-------------------------------------------
     0 | D:1      | DemonSlayer the Demonspawn Earth Elementalist began the
                  | quest for the Orb.
     0 | D:1      | Reached XP level 1. HP: 13/13 MP: 3/3
   155 | D:1      | Reached skill level 3 in Earth Magic
   155 | D:1      | Gained mutation: You sometimes gain a little power by
                  | taking damage. [demonic ancestry]
   155 | D:1      | Reached XP level 2. HP: 4/19 MP: 1/5
   849 | D:2      | Noticed Sigmund
   864 | D:2      | Gained mutation: A weak demonic guardian rushes to your
                  | aid. [demonic ancestry]
   864 | D:2      | Reached XP level 3. HP: 24/24 MP: 6/6
  1105 | D:2      | Found Neubrowk's Jewellery Emporium.
  1121 | D:2      | Found Tiax's Book Boutique.
  1273 | D:5      | Entered Level 5 of the Dungeon
  1282 | D:5      | Reached XP level 4. HP: 3/30 MP: 2/8
  1290 | D:5      | Noticed an ogre
  1717 | D:4      | Reached skill level 4 in Earth Magic
  1825 | D:4      | Discovered your monstrous ancestry.
  1825 | D:4      | Gained mutation: You have sharp fingernails. [demonic
                  | ancestry]
  1825 | D:4      | Reached XP level 5. HP: 17/36 MP: 3/10
  1971 | D:3      | Identified the +2 whip "Bagyer" {freeze, SInv}
  1989 | D:3      | You fall into a shaft and drop 1 floor!
  2108 | D:5      | HP: 1/36 [ogre/+0 giant club (24)]
  2112 | D:5      | Mangled by an iguana

Illustrated notes

Levels and vault maps discovered:
D:1:      psy_arrival_whirlpool, layout_loops_cross, dreamdust_wishing_well
D:2:      layout_loops_ring, serial_shops, shop, shop, shop, shop, uniq_sigmund
D:3:      layout_basic, fountainhead
D:4:      layout_loops_ring, gammafunk_temple_overflow_statue,
          minmay_temple_entry_poolview, kennysheep_minor_cross, minmay_ruptured,
          uniq_menkaure
D:5:      layout_layer_cave, serial_shops, nicolae_stop_n_shop_2,
          portal_sewer_entry_f, uniq_pikel

Skill      XL: |  1  2  3  4  5 |
---------------+----------------+-----
Earth Magic    | 3 4 |  4.0
Stealth        | 2 |  2.3
Spellcasting   | 3 |  3.3
Dodging        | 2 |  2.1
Fighting       | |  0.4
Short Blades   | |  0.5
Transmutations | |  0.8

Action                     |  1- 3 |  4- 6 || total
---------------------------+-------+-------++-------
  Melee: Unarmed           |    14 |       ||    14
         Dagger            |     7 |     3 ||    10
   Cast: Sandblast         |    52 |    14 ||    66
    Use: Potion            |     1 |     3 ||     4
         Scroll            |       |     4 ||     4
   Stab: Sleeping          |     4 |       ||     4
 Armour: Robe              |     2 |     2 ||     4
  Dodge: Dodged            |    22 |    15 ||    37
